 Dungeon Crawl Stone Soup version 0.31-a0-232-gb1c03b2570 (webtiles) character file.

Game seed: 16588997424733462313

48 qw the Shooter (level 3, -1/29 HPs)
             Began as a Minotaur Hexslinger on July 7, 2023.
             Slain by Robin
             ... wielding a +0 spear
              (3 damage)
             ... on level 2 of the Dungeon.
             The game lasted 00:00:22 (629 turns).

qw the Shooter (Minotaur Hexslinger)                 Turns: 629, Time: 00:00:23

Health: -1/29      AC:  5    Str: 12    XL:     3   Next: 50%
Magic:  3/3        EV: 11    Int: 10    God:
Gold:   67         SH:  0    Dex: 14    Spells: 3/4 levels left

rFire   . . .        Y - +2 sling
rCold   . . .        (no shield)
rNeg    . . .        f - +0 ring mail
rPois   .            (helmet restricted)
rElec   .            (no cloak)
rCorr   .            (no gloves)
SInv    .            (no boots)
Will    .....        (no amulet)
Stlth   +            (no ring)
HPRegen 0.24/turn    (no ring)
MPRegen 0.08/turn

%: no passive effects
@: no status effects
A: horns 2, retaliatory headbutt
a: no special abilities


You were on level 2 of the Dungeon.
You visited 1 branch of the dungeon, and saw 2 of its levels.

You collected 67 gold pieces.


Innate Abilities, Weirdness & Mutations

You have a pair of horns on your head.
You reflexively headbutt those who attack you in melee.


   Skills:
 - Level 2.0 Fighting
 - Level 4.0 Ranged Weapons
 + Level 0.5 Armour
 - Level 2.1 Dodging
 - Level 1.0 Spellcasting
 - Level 2.0 Hexes


You had 3 spell levels left.
You knew the following spells:

 Your Spells              Type           Power      Damage    Failure   Level
a - Slow                  Hex            16%        N/A       34%         1

Your spell library contained the following spells:

 Spells                   Type           Power      Damage    Failure   Level
 Inner Flame              Hex/Fire       2%         N/A       83%         3
 Portal Projectile        Hex/Tloc       4%         N/A       83%         3
 Cause Fear               Hex            2%         N/A       98%         4

Inventory:

Hand Weapons
 Y - a +2 sling (weapon)
Armour
 f - a +0 ring mail (worn)
Potions
 a - a potion of might {unknown}
 b - a potion of resistance {unknown}
 d - a potion of enlightenment {unknown}

Dungeon Overview and Level Annotations

Branches:
Dungeon (2/15)

Altars:

Annotations:
D:2 Robin


Message History

The goblin hits you with a +0 dagger.
You shoot a sling bullet.
The sling bullet barely misses the goblin.
The goblin hits you but does no damage. Robin barely misses you.
The goblin hits you but does no damage.
Robin drinks a potion.
Robin is healed!
You shoot a sling bullet.
The sling bullet closely misses the goblin.
The goblin hits you but does no damage.
Robin says, "My army is invincible!"
You shoot a sling bullet.
The sling bullet closely misses the goblin.
The goblin hits you but does no damage.
Robin says, "Feeling lonely?"
You shoot a sling bullet. The sling bullet hits the goblin.
You kill the goblin!
Robin closely misses you. Robin throws the goblin at you!
The goblin hits you with a +0 club.
You shoot a sling bullet.
The sling bullet completely misses the goblin.
The goblin hits you with a +0 club.
Robin says, "A pitiful Minotaur like you will never find the ORB!"
You shoot a sling bullet. The sling bullet hits the goblin.
The goblin is heavily wounded.
The goblin barely misses you. You furiously retaliate!
You headbutt the goblin!
You kill the goblin!
Robin throws the goblin at you!
You shoot a sling bullet.
The sling bullet barely misses the goblin.
The goblin no longer looks unusually strong. x2
The goblin closely misses you. The goblin hits you but does no damage.
Robin roars a battlecry!
The goblins go into a battle-frenzy!
You shoot a sling bullet. The sling bullet hits the goblin.
You kill the goblin!
The hobgoblin no longer looks unusually strong.
Robin throws the goblin at you! The goblin hits you with a +0 club.
You shoot a sling bullet. The sling bullet hits the goblin!
You kill the goblin!
Robin hits you from afar with a +0 spear.
You die...

##############
.######...)@)ggg....
..........#####).....
#.####..#.# ..... #
........#.# .... #
#.##.#.#..#.# g.. #
........#.# gg #
#####.....##.# g #
...(.......#.#####.
### #...<............
...


You could see Robin, a hobgoblin and a goblin (strong).

Vanquished Creatures
  An adder (D:2)
  A ball python (D:1)
  3 bats (D:1)
  3 endoplasms (D:1)
  7 hobgoblins
  3 kobolds
  A quokka (D:2)
  12 goblins
  3 rats
34 creatures vanquished.

Notes
Turn   | Place    | Note
-------+----------+-------------------------------------------
     0 | D:1      | qw the Minotaur Hexslinger began the quest for the Orb.
     0 | D:1      | Reached XP level 1. HP: 16/16 MP: 1/1
     0 | D:1      | 0 ||| qw: Version: 0.3-a-46-gb1f654a
     0 | D:1      | 0 ||| qw: Game counter: 2311
     0 | D:1      | 0 ||| qw: Melee chars always use a shield: true
     0 | D:1      | 0 ||| qw: God list: Okawaru
     0 | D:1      | 0 ||| qw: Allow faded altars: false
     0 | D:1      | 0 ||| qw: Do Orc after clearing Dungeon:15 true
     0 | D:1      | 0 ||| qw: Do second Lair branch before Depths: true
     0 | D:1      | 0 ||| qw: Lair rune preference: random
     0 | D:1      | 0 ||| qw: Goals: Normal
     0 | D:1      | 0 ||| PLANNING D:1-11
    55 | D:1      | You fall into a shaft and drop 1 floor!
   118 | D:2      | Reached skill level 3 in Ranged Weapons
   118 | D:2      | Reached XP level 2. HP: 23/23 MP: 2/2
   199 | D:2      | 199 ||| DROPPING +6 ring of intelligence.
   200 | D:2      | 200 ||| DRINKING 2 murky dark potions.
   201 | D:2      | 201 ||| DROPPING scroll of poison.
   202 | D:2      | 202 ||| DROPPING potion of magic.
   388 | D:1      | Reached XP level 3. HP: 29/29 MP: 3/3
   550 | D:1      | 550 ||| UPGRADING to +0 ring mail.
   560 | D:1      | 560 ||| DROPPING +0 robe.
   561 | D:1      | 561 ||| DROPPING scarf of invisibility.
   562 | D:1      | 562 ||| READING scroll labelled MUOMOGGUISS.
   598 | D:2      | Noticed Robin
   599 | D:2      | 599 ||| Stepping ~*~*~tactically~*~*~ (outnumbered).
   618 | D:2      | Reached skill level 4 in Ranged Weapons
   625 | D:2      | HP: 5/29 [goblin/+0 club[Robin] (5)]
   628 | D:2      | HP: 2/29 [goblin/+0 club[Robin] (3)]
   629 | D:2      | Slain by Robin

Levels and vault maps discovered:
D:1:      pf_arrival_petrified_forest, layout_rooms
D:2:      layout_basic, kennysheep_cross_room, uniq_terence, uniq_robin

Skill      XL: |  1  2  3 |
---------------+----------+-----
Ranged Weapons | 3 4 |  4.0
Fighting       | 2 |  2.0
Armour         | |  0.5
Dodging        | |  2.1
Spellcasting   | |  1.0
Hexes          | |  2.0

Action                     || total
---------------------------++-------
   Fire: Sling             ||    93
    Use: Potion            ||     1
         Scroll            ||     1
 Armour: Robe              ||     4
         Ring mail         ||    11
  Dodge: Dodged            ||    32

Table legend:
 A = Non-vault XP
 B = Vault XP
 C = Vault XP percentage of total XP
 D = Non-vault monster count
 E = Vault monster count
 F = Vault count percentage of total count
                 A         B        C        D         E       F
            +---------+---------+-------+---------+---------+-------
      Total |      52 |      18 |  25.7 |      24 |      10 |  29.4
            +---------+---------+-------+---------+---------+-------
        D:1 |      28 |       0 |   0.0 |      17 |       0 |   0.0
        D:2 |      24 |      18 |  42.9 |       7 |      10 |  58.8
            +---------+---------+-------+---------+---------+-------
